cohdb
Replays
Latest Replays
All Replays
Popular Replays
Top Player Replays
Match Explorer
How It Works
Community
CoH3 Stats
Reddit
Sign in to upload your games and track your stats! →
Sign in with Steam
Match 25145353
Unlisted
Match 25145353
Overview
Messages
Build Orders
End
Construct Infanterie Kompanie
Selects Luftwaffe Battlegroup
Selects Luftwaffe Pioneer Support
MG 42 Machine Gun Team
Grenadier Squad
Grenadier Squad
MG 42 Machine Gun Team
Medical Station
Construct Panzergrenadier Kompanie
251 Medium Carrier
MG 42 Machine Gun Team
Pak 40 Anti-tank Gun Team
Construct Panzer Kompanie
Stoßtruppen Squad
Selects Reconnaissance Run
Selects Fallschirmjäger Squad Paradrop
Panzer IV Medium Tank
Reconnaissance Run
Stennix
Majkel
bisivan1
Eber
0
0
Comments
sign in to comment!
No comments posted yet!